 Dungeon Crawl Stone Soup version 0.31-a0-234-gad7ace16ef (webtiles) character file.

Game seed: 12340233505671288055

99 qw the Shooter (level 4, -4/36 HPs)
             Began as a Minotaur Hexslinger on July 9, 2023.
             Killed from afar by Edmund (11 damage)
             ... with a puff of flame
             ... on level 4 of the Dungeon.
             The game lasted 00:00:48 (2305 turns).

qw the Shooter (Minotaur Hexslinger)                Turns: 2305, Time: 00:00:48

Health: -4/36      AC:  3    Str: 10 (12) XL:     4   Next: 45%
Magic:  4/4        EV: 16    Int:  9 (10) God:
Gold:   120        SH:  0    Dex: 12 (15) Spells: 4/5 levels left

rFire   . . .        Y - +1 sling
rCold   . . .        (no shield)
rNeg    . . .        e - +0 leather armour
rPois   .            (helmet restricted)
rElec   .            (no cloak)
rCorr   .            (no gloves)
SInv    .            (no boots)
Will    .....        (no amulet)
Stlth   +            n - +5 ring of evasion
HPRegen 0.26/turn    (no ring)
MPRegen 0.09/turn

%: no passive effects
@: no status effects
A: horns 2, retaliatory headbutt
a: no special abilities


You were on level 4 of the Dungeon.
You visited 1 branch of the dungeon, and saw 4 of its levels.

You collected 120 gold pieces.


Innate Abilities, Weirdness & Mutations

You have a pair of horns on your head.
You reflexively headbutt those who attack you in melee.


   Skills:
 + Level 2.0 Fighting
 - Level 5.0 Ranged Weapons
 - Level 2.1 Dodging
 - Level 1.0 Spellcasting
 - Level 2.0 Hexes


You had 4 spell levels left.
You knew the following spells:

 Your Spells              Type           Power      Damage    Failure   Level
a - Slow                  Hex            16%        N/A       22%         1

Your spell library contained the following spells:

 Spells                   Type           Power      Damage    Failure   Level
 Inner Flame              Hex/Fire       2%         N/A       69%         3
 Portal Projectile        Hex/Tloc       4%         N/A       69%         3
 Cause Fear               Hex            2%         N/A       91%         4

Inventory:

Hand Weapons
 Y - a +1 sling (weapon)
Armour
 e - a +0 leather armour (worn)
Jewellery
 c - a ring of resist corrosion
 n - a +5 ring of evasion (left hand)
Scrolls
 a - a scroll of identify
Potions
 b - a potion of enlightenment
 f - a potion of cancellation {unknown}
 g - a potion of invisibility {unknown}
 h - a potion of berserk rage {unknown}
 i - a potion of mutation {unknown}
 j - a potion of curing {unknown}
 k - a potion of brilliance {unknown}
 m - a potion of heal wounds {unknown}

Dungeon Overview and Level Annotations

Branches:
Dungeon (4/15)
 Temple: D:4-7

Altars:
Cheibriados

Annotations:
D:4 Edmund


Message History

You shoot a sling bullet. The sling bullet hits the worm.
You kill the worm!
Your Ranged Weapons skill increases to level 5!
Things that are here:
a +0 short sword; 2 stones
Found 6 stones.
Found 5 stones.
Enter note:
Enter note: You see here 5 stones.
Found a leather armour.
Enter note:
Enter note: You now have 120 gold pieces (gained 14).
Edmund the Younger comes into view.
He is wielding a +4 flail of protection and carrying a wand of flame (26).
Edmund shouts!
Enter note:
Enter note: You shoot a sling bullet.
The sling bullet hits Edmund.
Edmund is lightly wounded.
You shoot a sling bullet. The sling bullet barely misses Edmund.
Edmund zaps a wand.
The puff of flame hits you!
You shoot a sling bullet. The sling bullet barely misses Edmund.
You shoot a sling bullet. The sling bullet closely misses Edmund.
Edmund closely misses you. You furiously retaliate!
You headbutt Edmund.
Edmund hits you with a +4 flail of protection.
You shoot a sling bullet. The sling bullet closely misses Edmund.
Edmund hits you with a +4 flail of protection!
You shoot a sling bullet. The sling bullet closely misses Edmund.
Edmund zaps a wand.
The puff of flame hits you!
You shoot a sling bullet.
The sling bullet hits Edmund but does no damage.
Edmund is lightly wounded.
Edmund zaps a wand.
The puff of flame misses you.
You shoot a sling bullet.
The sling bullet hits Edmund but does no damage.
Edmund is lightly wounded.
Edmund hits you with a +4 flail of protection.
Edmund zaps a wand.
The puff of flame hits you!
You die...

.# .# #. .### #.. ...
###..####### ..# #
...........##..##
#.##.#..#.....#...###
....[.......@.....#
#.##.#.....#@...... #
#....^....###....##
#.##..#...#.##
..#.### #...........#
.# ..# ####..###.###
#..# #.# #..# #.#
#..# #.# #..# #.#
#..# #.# #..# #.#
#..# #.####### #


You could see Edmund.

Vanquished Creatures
  3 adders (D:2)
  A worm (D:4)
  5 ball pythons
  11 bats
  3 endoplasms
  5 giant cockroaches
  4 goblins
  6 hobgoblins
  9 jackals
  2 quokkas
  A frilled lizard (D:1)
  5 kobolds
  4 rats
59 creatures vanquished.

Notes
Turn   | Place    | Note
-------+----------+-------------------------------------------
     0 | D:1      | qw the Minotaur Hexslinger began the quest for the Orb.
     0 | D:1      | Reached XP level 1. HP: 16/16 MP: 1/1
     0 | D:1      | 0 ||| qw: Version: 0.3-a-51-g015441d
     0 | D:1      | 0 ||| qw: Game counter: 4207
     0 | D:1      | 0 ||| qw: Melee chars always use a shield: true
     0 | D:1      | 0 ||| qw: God list: Okawaru
     0 | D:1      | 0 ||| qw: Allow faded altars: false
     0 | D:1      | 0 ||| qw: Do Orc after clearing Dungeon:15 true
     0 | D:1      | 0 ||| qw: Do second Lair branch before Depths: true
     0 | D:1      | 0 ||| qw: Lair rune preference: random
     0 | D:1      | 0 ||| qw: Goals: Normal
     0 | D:1      | 0 ||| PLANNING D:1-11
   183 | D:1      | Reached skill level 3 in Ranged Weapons
   183 | D:1      | Reached XP level 2. HP: 23/23 MP: 2/2
   596 | D:1      | 596 ||| UPGRADING to +0 leather armour.
   606 | D:1      | 606 ||| DROPPING +0 robe.
   607 | D:1      | 607 ||| READING scroll labelled GUROCO TEQE.
   608 | D:1      | 608 ||| READING scroll labelled YLOCOUL CYKINA.
   609 | D:1      | 609 ||| DROPPING scroll of poison.
   667 | D:2      | Reached XP level 3. HP: 29/29 MP: 3/3
   754 | D:2      | Reached skill level 4 in Ranged Weapons
  1159 | D:2      | Reached XP level 4. HP: 24/36 MP: 4/4
  1270 | D:2      | 1270 ||| UPGRADING to +5 ring of evasion.
  1271 | D:2      | 1271 ||| READING scroll labelled BINIMUFEDO.
  1333 | D:2      | 1333 ||| READING scroll labelled SUVAFU TUGE.
  1334 | D:2      | 1334 ||| DRINKING 2 bubbling coppery potions.
  1335 | D:2      | 1335 ||| READING 2 scrolls of identify.
  1335 | D:2      | 1335 ||| IDENTIFYING fizzy dark potion
  1336 | D:2      | 1336 ||| DROPPING potion of degeneration.
  1639 | D:3      | Found a snail-covered altar of Cheibriados.
  2106 | D:3      | 2106 ||| READING scroll labelled VOBLIO ZAYQAL.
  2107 | D:3      | 2107 ||| READING 2 scrolls of identify.
  2107 | D:3      | 2107 ||| IDENTIFYING lumpy inky potion
  2108 | D:3      | 2108 ||| DROPPING potion of attraction.
  2263 | D:4      | Reached skill level 5 in Ranged Weapons
  2297 | D:4      | Noticed Edmund
  2305 | D:4      | HP: 7/36 [Edmund/+4 flail of protection (5)]
  2305 | D:4      | Killed from afar by Edmund

Levels and vault maps discovered:
D:1:      dpeg_arrival_snail, layout_loops_ring
D:2:      layout_rooms
D:3:      layout_basic, overflow_temple_1_default, serial_park_tiny_pond
D:4:      layout_loops_ring, uniq_edmund

Skill      XL: |  1  2  3  4 |
---------------+-------------+-----
Ranged Weapons | 3 4 5 |  5.0
Fighting       | 2 |  2.0
Dodging        | |  2.1
Spellcasting   | |  1.0
Hexes          | |  2.0

Action                     |  1- 3 |  4- 6 || total
---------------------------+-------+-------++-------
   Fire: Sling             |   111 |    59 ||   170
    Use: Scroll            |     2 |     5 ||     7
         Potion            |       |     1 ||     1
 Armour: Leather armour    |    10 |     1 ||    11
  Dodge: Dodged            |    40 |    14 ||    54

Table legend:
 A = Non-vault XP
 B = Vault XP
 C = Vault XP percentage of total XP
 D = Non-vault monster count
 E = Vault monster count
 F = Vault count percentage of total count
                 A         B        C        D         E       F
            +---------+---------+-------+---------+---------+-------
      Total |     142 |       0 |   0.0 |      59 |       0 |   0.0
            +---------+---------+-------+---------+---------+-------
        D:1 |      36 |       0 |   0.0 |      20 |       0 |   0.0
        D:2 |      72 |       0 |   0.0 |      23 |       0 |   0.0
        D:3 |      28 |       0 |   0.0 |      14 |       0 |   0.0
        D:4 |       6 |       0 |   0.0 |       2 |       0 |   0.0
            +---------+---------+-------+---------+---------+-------
